 Dungeon Crawl Stone Soup version 0.23-a0-582-g1b4a0ca2fb (webtiles) character file.

93 Manul the Sneak (level 4, 0/23 HPs)
             Began as a Vine Stalker Assassin on Dec 16, 2018.
             Slain by Grinder (6 damage)
             ... on level 3 of the Dungeon.
             The game lasted 00:02:53 (1504 turns).

Manul the Sneak (Vine Stalker Assassin)             Turns: 1504, Time: 00:02:54

Health: 0/23       AC:  8    Str: 14    XL:     4   Next: 61%
Magic:  0/5        EV: 10    Int: 11    God:
Gold:   120        SH:  0    Dex: 16    Spells: 3/3 levels left

rFire    x . .     SeeInvis .   a - +2 dagger
rCold    + . .     Gourm    .   (no shield)
rNeg     . . .     Faith    .   i - +0 ring mail
rPois    .         Spirit   +   m - +0 helmet
rElec    .         Reflect  .   d - +0 cloak
rCorr    .         Harm     .   (no gloves)
MR       .....                  h - +0 pair of boots
Stlth    +++.......             p - amulet of regeneration
HPRegen  0.87/turn              u - ring of ice
MPRegen  0.09/turn              (no ring)

@: no status effects
A: fangs 2, regeneration 1, magic shield, antimagic bite, no potion heal 3, rot
immunity
a: no special abilities


You were on level 3 of the Dungeon.
You were not hungry.

You visited 1 branch of the dungeon, and saw 3 of its levels.

You collected 120 gold pieces.

Inventory:

Hand Weapons
 a - a +2 dagger (weapon)
 b - a +0 blowgun
 k - a +2 vampiric spear
Missiles
 e - 15 poisoned needles
 f - 2 curare-tipped needles
Armour
 c - a +0 robe
 d - a +0 cloak (worn)
 h - a +0 pair of boots (worn)
 i - a +0 ring mail (worn)
 m - a +0 helmet (worn)
Jewellery
 p - an amulet of regeneration (around neck)
 u - a ring of ice (left hand)
Wands
 s - a wand of random effects (11)
Scrolls
 j - 2 scrolls of fog {unknown}
 l - 4 scrolls of remove curse {unknown}
 n - a scroll of immolation {unknown}
 o - a scroll of fear {unknown}
 t - a scroll of identify {unknown}
 v - a scroll of enchant armour {unknown}
Potions
 q - 2 potions of curing {unknown}
Comestibles
 g - 2 rations
 r - 8 chunks of flesh


   Skills:
 + Level 1.9 Fighting
 + Level 2.3 Short Blades
 - Level 1.7 Throwing
 + Level 1.1 Armour
 + Level 1.0 Dodging
 * Level 6.4 Stealth


You had 3 spell levels left.
You didn't know any spells.
Your spell library was empty.

Dungeon Overview and Level Annotations

Branches:
Dungeon (3/15)

Altars:
Xom

Annotations:
D:3 Grinder


Innate Abilities, Weirdness & Mutations

You have extremely sharp teeth.
Your natural rate of healing is unusually fast.
When hurt, damage is shared between your health and your magic reserves.
Your bite disrupts and absorbs the magic of your enemies.
Potions cannot restore your health.
You are immune to rotting.


Message History

Grinder gestures at you.
You struggle to resist.
You hit Grinder. You bite Grinder.
Grinder's magic leaks into the air.
You drain her magic.
Grinder is lightly wounded.
Grinder gestures at you. You resist with significant effort.
Evoke which item? (* to show all) (? for menu, Esc to quit)
Aiming: Random Effects
Press: ? - help, Shift-Dir - straight line, f - Grinder
Aim: Grinder (lightly wounded)
The mass of ice explodes!
The iceblast engulfs Grinder.
Grinder partially resists.
Grinder is moderately wounded.
The iceblast engulfs you! You partially resist.
Ouch! That really hurt!
Grinder hits you.
* * * LOW HITPOINT WARNING * * *
You writhe in agony.
You die...

#.......#
#.......#
#.......#
#.......#
#.......#
#.......#
#.......#
#####.......#
#.....@...###
.......5...#
...........#
...........#
##.........#
#.........#
#.........#
###########


You could see Grinder.

Vanquished Creatures
  Robin (D:2)
  An adder (D:2)
  An ooze (D:3)
  3 worms (D:2)
  3 orcs (D:2)
  6 bats
  A giant cockroach (D:2)
  14 goblins
  11 hobgoblins
  A quokka (D:3)
  A ball python (D:2)
  A frilled lizard (D:2)
  7 kobolds
  2 rats
53 creatures vanquished.

Notes
Turn   | Place    | Note
-------+----------+-------------------------------------------
     0 | D:1      | Manul the Vine Stalker Assassin began the quest for the
                  | Orb.
     0 | D:1      | Reached XP level 1. HP: 11/11 MP: 2/2
    67 | D:1      | Reached skill level 5 in Stealth
   175 | D:1      | Reached XP level 2. HP: 15/15 MP: 3/3
   730 | D:2      | Reached XP level 3. HP: 17/18 MP: 4/4
   794 | D:2      | Noticed Robin
   843 | D:2      | Reached skill level 6 in Stealth
   929 | D:2      | Killed Robin
  1119 | D:2      | Gained mutation: Your natural rate of healing is unusually
                  | fast. [Vine Stalker growth]
  1119 | D:2      | Reached XP level 4. HP: 18/23 MP: 3/5
  1122 | D:2      | Found a shimmering altar of Xom.
  1347 | D:2      | Reached skill level 1 in Armour
  1483 | D:3      | Reached skill level 1 in Dodging
  1499 | D:3      | Noticed Grinder
  1504 | D:3      | Slain by Grinder

Vault maps used:
D:1:      mrwooster_arrival_arrow, chequers_serial_rivers_micro_b
D:2:      minmay_inner_zag, xom_butterflies, guppyfry_early_orc_mine, uniq_robin
D:3:      uniq_grinder

Skill      XL: |  1  2  3  4 |
---------------+-------------+-----
Stealth        | 5 6 |  6.4
Short Blades   | 2 |  2.3
Armour         | 1 |  1.1
Dodging        | 1 |  1.0
Fighting       | |  1.9
Throwing       | |  1.7

Action                   |  1- 3 |  4- 6 || total
-------------------------+-------+-------++-------
Melee: Dagger            |   109 |    65 ||   174
       Bite              |    18 |    15 ||    33
Evoke: Wand              |       |     1 ||     1
  Use: Potion            |     2 |       ||     2
 Stab: Sleeping          |    10 |     3 ||    13
  Eat: Chunk             |     1 |     1 ||     2
Armor: Ring mail         |    28 |    24 ||    52
Dodge: Dodged            |    52 |    30 ||    82

Table legend:
 A = Non-vault XP
 B = Vault XP
 C = Vault XP percentage of total XP
 D = Non-vault monster count
 E = Vault monster count
 F = Vault count percentage of total count
                 A         B        C        D         E       F
            +---------+---------+-------+---------+---------+-------
      Total |      64 |      69 |  51.9 |      27 |      26 |  49.1
            +---------+---------+-------+---------+---------+-------
        D:1 |      22 |       0 |   0.0 |      13 |       0 |   0.0
        D:2 |      32 |      69 |  68.3 |      11 |      26 |  70.3
        D:3 |      10 |       0 |   0.0 |       3 |       0 |   0.0
            +---------+---------+-------+---------+---------+-------
